Peter, lawful male human Samurai ----- -------- ....| ----------- -------- |......| |...| |.........| |......| |......| #-...| |..........# |.......# |.......######|...| #-.........|# |......|# #-......| |...| ###-----------# |......|# ###|......| ----- # # |.....)|# # |.<....| # # -.-.----# ### --.----- # # ### # # ## ## # # #### ### # # # ### # ## # # ### ------# #----|-|- ### ------.--------- # ##......# #-......| # ##.............*.| ## # |....| |......|`### |..............| -.----- ### |..... |......| ###...............| |.....| # |....| -------- ---------------- |......##### ------ ------- Peter the Ronin Experience level: 4 Strength: 17 Dexterity: 15 Constitution: 18 Intelligence: 10 Wisdom: 7 Charisma: 7 Health: 41(41) Energy: 13(13) Def: 7 Gold: 868 Moves: 2537 Dungeon seed: Iz97wZVeu_Fc3t4U Game ID: Peter_1652363903 Your Inventory: Coins $ - 868 gold pieces Weapons a - a +0 katana (weapon in hand) b - a +0 wakizashi (alternate weapon; not wielded) c - a +0 yumi d - 33 +0 ya (in quiver) v - 11 blessed +0 elven arrows Armor e - an uncursed rustproof +0 splint mail (being worn) q - a cursed +0 orcish helm (being worn) Spellbooks m - an uncursed spellbook of force bolt Potions g - an uncursed potion of extra healing l - an uncursed potion of confusion p - an uncursed potion of restore ability t - an uncursed potion of gain level Wands o - a wand of cold (0:3) Tools j - an uncursed stethoscope s - an uncursed tin opener Gems n - an uncursed worthless piece of red glass r - an uncursed worthless piece of black glass Spells and supernatural/magical abilities: Name Level Category Fail Memory a - force bolt 1 attack 100% 93% W - pray for help -- divine ? -- Your skills at the end: Fighting Skills martial arts [Basic] Weapon Skills short sword [Basic] long sword [Basic] bow [Basic] Spellcasting Skills Final Attributes: You were piously aligned. You were fast. You are dead. Vanquished creatures: a shrieker a little dog a homunculus a centipede 2 coyotes 3 cave spiders a green mold a red mold 5 gnomes a gnome zombie a gecko 8 jackals 3 goblins 2 grid bugs 2 bats 2 lichens 2 newts 37 creatures vanquished. Voluntary challenges: You were an atheist. You used a wielded weapon 40 times, starting on turn 110. You read items or engraved 8 times, starting on turn 290. You never genocided any monsters. You never polymorphed an object. You never changed form. You used no wishes. You never split a pudding. You never wrote Elbereth's name. You never violated your personal moral code. Dungeon overview: The Dungeons of Doom: levels 1 to 6 Level 1 a fountain a long staircase Level 2 a general store, a fountain stairs to The Gnomish Mines Level 3 Level 4 Level 5 Level 6 <- You were here The Gnomish Mines: Level 3 stairs to The Dungeons of Doom History has recorded: On T:1 you entered the Dungeons of Doom to retrieve the Amulet of Yendor! On T:276 you reached level 2 of The Dungeons of Doom. On T:490 you advanced to experience level 2. On T:700 you reached level 1 of The Gnomish Mines. On T:720 you advanced to experience level 3. On T:799 you reached level 3 of The Dungeons of Doom. On T:912 you advanced to experience level 4. On T:1150 you reached level 4 of The Dungeons of Doom. On T:1461 you reached level 5 of The Dungeons of Doom. On T:1691 you reached level 6 of The Dungeons of Doom. Score breakdown: Gold: 868 ( 9997 points) Experience: 4 levels ( 9649 points) Exploration: 6 levels ( 13.04%) (10000 points) Discoveries: 5 items ( 2.03%) ( 4276 points) Valuables value: (no points given unless you survive) Artifact value: 0 ( 0 points) Variety of kills: 17 monsters ( 4.46%) ( 6336 points) Turncount: 2537 turns ( -352 points) Survival: died (score multiplied by 80%) Total score: 31924 Latest messages: You come to. You faint from lack of food. You come to. Hachi bites the floating eye. Hachi is frozen by the floating eye's gaze! You faint from lack of food. You come to. You faint from lack of food. You come to. The floating eye glares at you. You manage to look away just in time; but that disturbs your aim, and you miss. You faint from lack of food. You come to. The floating eye glares at you. You manage to look away just in time; but that disturbs your aim, and you miss. You faint from lack of food. You come to. You faint from lack of food. You come to. The floating eye glares at you. You manage to look away just in time; but that disturbs your aim, and you miss. That command is only available in debug mode. You faint from lack of food. You come to. You faint from lack of food. You die from starvation. Final status: Sayonara Peter the Samurai, died of starvation, while fainted from lack of food... You starved in The Dungeons of Doom on dungeon level 6 with 31924 points, and 868 pieces of gold, after 2537 moves. You were level 4 with a maximum of 41 hit points when you starved.